 Dungeon Sprint DCSS version 0.23-a0-635-g88ca12a (webtiles) character file.

17598 Lanoc the Brawler (level 12, -2/145 HPs)
             Began as a Troll Monk on Dec 27, 2018.
             Was the Champion of Jiyva.
             Engulfed by a death drake's foul pestilence (16 damage)
             ... in the Dungeon (Sprint III: "The Ten Rune Challenge").
             The game lasted 00:10:39 (1389 turns).

Lanoc the Brawler (Troll Monk)                      Turns: 1389, Time: 00:10:40

Health: -2/145     AC:  7    Str: 28    XL:     12   Next: 20%
Magic:  9/9        EV: 18    Int:  8    God:    Jiyva [******]
Gold:   3616       SH:  0    Dex: 15    Spells: 11/11 levels left

rFire    . . .     SeeInvis .     - Unarmed
rCold    . . .     Gourm    +   (no shield)
rNeg     . . .     Faith    .   a - +0 robe
rPois    .         Spirit   .   d - +0 hat {MR+}
rElec    .         Reflect  .   (no cloak)
rCorr    +         Harm     .   (gloves unavailable)
MR       +....     NoTele   +   (boots unavailable)
Stlth    +++.......             p - amulet of the acrobat
HPRegen  0.74/turn              q - +3 ring of strength (curse)
MPRegen  0.11/turn              r - ring of stealth

@: lethally poisoned (-2 -> -6), slowed, very slow
A: large, unfitting armour, claws 3, horns 2, slimy green scales 1, agile 1,
clever 1, fast metabolism 3, gourmand, low mp 1, regeneration 1, robust 1,
shaggy fur 1, tough skin 2, wild magic 1, eyeballs 1, pseudopods 1, tendrils
a: Request Jelly, Slimify, Cure Bad Mutation, Renounce Religion


You were in the Dungeon.
You worshipped Jiyva.
Jiyva was exalted by your worship.
You were very full.

You visited 1 branch You collected 4338 gold pieces.
You spent 722 gold pieces at shops.

Inventory:

Armour
 a - a +0 robe (worn)
 d - a +0 hat of magic resistance (worn)
Jewellery
 p - an amulet of the acrobat (around neck)
 q - a cursed +3 ring of strength (left claw)
 r - a ring of stealth (right claw)
Scrolls
 h - a scroll of blinking
 i - 3 scrolls of identify
 l - a scroll of torment
 m - a scroll of fog
 n - a scroll of immolation {unknown}
Potions
 c - 2 potions of curing
 e - a potion of haste
 f - 2 potions of magic
 g - a potion of berserk rage
 k - 4 potions of mutation {unknown}
 o - a potion of flight {unknown}
 s - a potion of ambrosia {unknown}
 t - a potion of lignification {unknown}
 u - a potion of might
Miscellaneous
 j - a phantom mirror
Comestibles
 b - 5 rations


   Skills:
 + Level 12.2 Fighting
 + Level 12.0 Armour
 + Level 12.2 Dodging
 - Level 1.0 Stealth
 * Level 18.9 Unarmed Combat


You had 11 spell levels left.
You didn't know any spells.
Your spell library contained the following spells:

 Spells                   Type           Power        Failure   Level  Hunger
 Confusing Touch          Hex            #.....       50%         1    ##.....
 Magic Dart               Conj           #...         50%         1    ##.....
 Blink                    Tloc           N/A          63%         2    ###....
 Call Imp                 Summ           #.......     63%         2    ###....
 Slow                     Hex            #.......     63%         2    ###....
 Confuse                  Hex            #.......     85%         3    ####...
 Conjure Flame            Conj/Fire      #.......     85%         3    ####...
 Gell's Gravitas          Tloc           #.........   85%         3    ####...
 Mephitic Cloud           Conj/Pois/Air  #.......     85%         3    ####...
 Petrify                  Tmut/Erth      #.......     99%         4    #####..
 Metabolic Englaciation   Hex/Ice        #.........   100%        5    ######.
 Yara's Violent Unravell  Hex/Tmut       #.........   100%        5    ######.


Dungeon Overview and Level Annotations

Branches:
Dungeon (1/1)

Altars:
Cheibriados
Dithmenos
Elyvilon
Fedhas
Gozag
Hepliaklqana
Kikubaaqudgha
Makhleb
Nemelex Xobeh
Okawaru
Qazlal
Ru
Sif Muna
Trog
Uskayaw
Vehumet
Wu Jian
Xom
Yredelemnul
Zin
The Shining One
Beogh
Jiyva
Lugonu

Shops:
D =

Annotations:
D Royal Jelly


Innate Abilities, Weirdness & Mutations

You are too large for most types of armour.
You have claws for hands.
Your metabolism is lightning-fast.
You like to eat raw meat.
Your natural rate of healing is unusually fast.
You are covered in fur. (AC +1)
You have very tough skin. (AC +2)
You have a pair of horns on your head.
You are partially covered in slimy green scales. (AC +2)
You are agile. (Dex +2)
Your mind is acute. (Int +2)
Your magical capacity is low. (-10% MP)
You are robust. (+10% HP)
Your spells are a little harder to cast, but a little more powerful.
Your body has grown golden eyes which may confuse attackers. (Acc +3)
Armour fits poorly on your pseudopods.
You are covered in slimy tendrils that may disarm your opponents.


Message History

A death drake comes into view.
You feel extremely sick.
You feel extremely sick.
You enter the shallow water.
Moving in this stuff is going to be slow.
* * * LOW HITPOINT WARNING * * *
You feel extremely sick. The death drake breathes miasma at you.
The foul vapour engulfs you!
You are lethally poisoned!
You feel as though you will be slow longer.
* * * LOW HITPOINT WARNING * * *
You feel better.
You are engulfed in dark miasma.
You are poisoned.
You feel your flesh rotting away!
You feel ill.
* * * LOW HITPOINT WARNING * * *
x2 You feel sick.
You feel better.
You are engulfed in dark miasma.
You are poisoned.
You die...

...#≈...........♣
*, , *
...J≈≈...########♣♣
...#≈≈≈..........P♣
*
...#≈≈≈≈.........P♣
* ,
'#############'####
#.###### #.♣♣
##.#...### #♣.♣
##.......## ♣.♣♣
#....GG...## ♣♣@♣
...J###G...# ♣k♣♣
...##}##...# ♣.♣♣
#.J#}φ)#J.## ♣..♣
...##!##...# ♣♣.♣
....###....# ♣♣k♣
#....JG...## .♣
##.......## ..
###._.### .≈.


You could see a death drake.

Vanquished Creatures
  Gastronok (D)
  2 dire elephants (D)
  Erolcha (D)
  4 death yaks (D)
  4 orc high priests (D)
  A death drake (D)
  A deep elf mage (D)
  2 elephants (D)
  2 black mambas (D)
  2 spiny frogs (D)
  A komodo dragon (D)
  A rime drake (D)
  7 blink frogs (D)
  A shadow (D)
  2 redbacks (D)
  3 wandering mushrooms (D)
  A spatial vortex (D)
  A swamp drake (D)
  An orc warrior (D)
  A necrophage (D)
  2 swamp dragon skeletons (D)
  5 two-headed ogres (D)
  A water elemental (D)
  A scorpion (D)
  A jelly (D)
  An orc priest (D)
  2 orc wizards (D)
  A wizard (D)
  A necromancer (D)
  3 humans (D)
  A kobold demonologist (D)
  2 oozes (D)
  10 orcs (D)
  2 rats (D)
  A plant (D)
73 creatures vanquished.

Vanquished Creatures (collateral kills)
  Rupert (D)
  A blink frog (D)
2 creatures vanquished.

Vanquished Creatures (others)
  2 draconian scorchers (D)
  6 hellions (D)
  A yaktaur (D)
  3 spriggan defenders (D)
  2 orc high priests (D)
  An electric eel (D)
  30 jellies (D)
  An orc priest (D)
  2 ball lightnings (D)
  4 ballistomycetes (D)
  6 ballistomycete spores (D)
  4 bushes (D)
  24 plants (D)
86 creatures vanquished.

Grand Total: 161 creatures vanquished

Notes
Turn   | Place    | Note
-------+----------+-------------------------------------------
     0 | D        | Lanoc the Troll Monk began the quest for the Orb.
     0 | D        | Reached XP level 1. HP: 22/22 MP: 0/0
    14 | D        | Reached skill level 1 in Armour
    14 | D        | Reached skill level 4 in Unarmed Combat
    14 | D        | Reached XP level 2. HP: 29/29 MP: 1/1
    49 | D        | Noticed a scorpion
    58 | D        | Reached XP level 3. HP: 37/37 MP: 2/2
    60 | D        | Killed a scorpion
    60 | D        | Reached skill level 5 in Unarmed Combat
    60 | D        | Reached XP level 4. HP: 48/48 MP: 3/3
    80 | D        | Killed a hellion
    88 | D        | Noticed a water elemental
    93 | D        | Killed a water elemental
    93 | D        | Reached skill level 7 in Unarmed Combat
    93 | D        | Reached XP level 5. HP: 48/55 MP: 4/4
    98 | D        | Found a glowing silver altar of Zin.
    98 | D        | Found a glowing golden altar of the Shining One.
    98 | D        | Found a white marble altar of Elyvilon.
    99 | D        | Noticed a deep elf mage
   114 | D        | Killed a deep elf mage
   114 | D        | Reached skill level 5 in Armour
   114 | D        | Reached skill level 10 in Unarmed Combat
   114 | D        | Reached XP level 6. HP: 31/67 MP: 5/5
   114 | D        | Reached XP level 7. HP: 35/75 MP: 6/6
   133 | D        | Killed a hellion
   167 | D        | Killed a hellion
   169 | D        | Killed a hellion
   182 | D        | Found a hide-covered altar of Uskayaw.
   182 | D        | Found a roughly hewn altar of Beogh.
   182 | D        | Found an iron altar of Okawaru.
   182 | D        | Found a bloodstained altar of Trog.
   182 | D        | Found an ornate altar of the Wu Jian Council.
   182 | D        | Noticed a human
   182 | D        | Noticed a human
   182 | D        | Killed a hellion
   183 | D        | Killed a hellion
   191 | D        | Killed a human
   196 | D        | Killed a white draconian scorcher
   197 | D        | Killed a human
   197 | D        | Reached skill level 11 in Unarmed Combat
   199 | D        | Killed a yaktaur
   286 | D        | Found a basalt altar of Yredelemnul.
   286 | D        | Found a shadowy altar of Dithmenos.
   286 | D        | Found a sacrificial altar of Ru.
   301 | D        | Noticed a shadow
   303 | D        | Killed a shadow
   303 | D        | Reached XP level 8. HP: 76/87 MP: 7/7
   313 | D        | Killed a white draconian scorcher
   322 | D        | Found a radiant altar of Vehumet.
   322 | D        | Found a deep blue altar of Sif Muna.
   322 | D        | Found an ancient bone altar of Kikubaaqudgha.
   324 | D        | Noticed a smoke demon
   409 | D        | Found a blossoming altar of Fedhas.
   409 | D        | Found a stormy altar of Qazlal.
   409 | D        | Found a snail-covered altar of Cheibriados.
   409 | D        | Found a burning altar of Makhleb.
   409 | D        | Found a shimmering altar of Xom.
   410 | D        | Found a hazy altar of Hepliaklqana.
   410 | D        | Found an opulent altar of Gozag.
   410 | D        | Found a sparkling altar of Nemelex Xobeh.
   410 | D        | Found a corrupted altar of Lugonu.
   410 | D        | Found a viscous altar of Jiyva.
   416 | D        | Became a worshipper of Jiyva Juuwkiud the Shapeless
   416 | D        | Reached * piety under Jiyva
   416 | D        | Reached ** piety under Jiyva
   488 | D        | Reached skill level 12 in Unarmed Combat
   520 | D        | Reached *** piety under Jiyva
   520 | D        | Gained mutation: You are dopey. (Int -2) [Jiyva's grace]
   520 | D        | Reached **** piety under Jiyva
   520 | D        | Gained mutation: Your muscles are strong. (Str +2) [Jiyva's
                  | grace]
   520 | D        | Reached ***** piety under Jiyva
   520 | D        | Gained mutation: You have large cloven feet. [Jiyva's
                  | grace]
   527 | D        | Gained mutation: You have a small jelly attached to you
                  | that senses nearby items. [Jiyva's grace]
   527 | D        | Reached ****** piety under Jiyva
   532 | D        | Noticed an orc high priest
   532 | D        | Lost mutation: You are dopey. (Int -2) [Jiyva's grace]
   534 | D        | Noticed an orc high priest
   534 | D        | Noticed an orc high priest
   534 | D        | Gained mutation: You passively map a small area around you.
                  | [Jiyva's grace]
   534 | D        | Noticed an orc high priest
   536 | D        | Noticed an ice devil
   538 | D        | Noticed a rust devil
   538 | D        | Noticed an ice devil
   559 | D        | Killed an orc high priest
   559 | D        | Reached skill level 13 in Unarmed Combat
   559 | D        | Reached XP level 9. HP: 74/97 MP: 8/8
   589 | D        | Killed an orc high priest
   629 | D        | Lost mutation: You have a small jelly attached to you that
                  | senses nearby items. [Jiyva's grace]
   634 | D        | Gained mutation: You are robust. (+10% HP) [Jiyva's grace]
   655 | D        | Killed an orc high priest
   655 | D        | Reached skill level 14 in Unarmed Combat
   675 | D        | Found Qounkor's Jewellery Shop.
   713 | D        | Bought an uncursed amulet of the acrobat for 360 gold
                  | pieces
   713 | D        | Bought a cursed +3 ring of strength for 152 gold pieces
   713 | D        | Bought an uncursed ring of stealth for 210 gold pieces
   736 | D        | Noticed a two-headed ogre
   737 | D        | Noticed a two-headed ogre
   746 | D        | Killed a two-headed ogre
   750 | D        | Noticed an orange demon
   750 | D        | Noticed an orange demon
   759 | D        | Gained mutation: You have a small jelly attached to you
                  | that senses nearby items. [Jiyva's grace]
   761 | D        | Lost mutation: Your muscles are strong. (Str +2) [Jiyva's
                  | grace]
   762 | D        | Lost mutation: You have large cloven feet. [Jiyva's grace]
   762 | D        | Gained mutation: Your magical capacity is low. (-10% MP)
                  | [Jiyva's grace]
   764 | D        | Gained mutation: You have a small jelly attached to you
                  | that may absorb incoming projectiles. [Jiyva's grace]
   768 | D        | Gained mutation: You are covered in slimy tendrils that may
                  | disarm your opponents. [Jiyva's grace]
   773 | D        | Killed a two-headed ogre
   773 | D        | Reached XP level 10. HP: 107/117 MP: 8/8
   781 | D        | Killed an orc high priest
   785 | D        | Lost mutation: Your magical capacity is low. (-10% MP)
                  | [Jiyva's grace]
   798 | D        | Noticed Erolcha
   805 | D        | Killed Erolcha
   805 | D        | Reached skill level 15 in Unarmed Combat
   832 | D        | Reached skill level 10 in Fighting
   832 | D        | Reached skill level 10 in Dodging
   836 | D        | Gained mutation: Armour fits poorly on your pseudopods.
                  | [Jiyva's grace]
   842 | D        | Lost mutation: You are robust. (+10% HP) [Jiyva's grace]
   848 | D        | Noticed a spiny frog
   848 | D        | Noticed a spiny frog
   853 | D        | Killed a spiny frog
   856 | D        | Killed a spiny frog
   859 | D        | Gained mutation: You are dopey. (Int -2) [Jiyva's grace]
   860 | D        | Reached skill level 10 in Armour
   860 | D        | Reached skill level 16 in Unarmed Combat
   867 | D        | Lost mutation: You are dopey. (Int -2) [Jiyva's grace]
   867 | D        | Lost mutation: You passively map a small area around you.
                  | [Jiyva's grace]
   881 | D        | Gained mutation: Armour fits poorly on your strangely
                  | shaped body. [Jiyva's grace]
   883 | D        | Gained mutation: Your flesh is heat resistant. (rF+)
                  | [Jiyva's grace]
   886 | D        | Gained mutation: Your spells are a little harder to cast,
                  | but a little more powerful. [Jiyva's grace]
   888 | D        | Gained mutation: Your body has grown golden eyes which may
                  | confuse attackers. (Acc +3) [Jiyva's grace]
   890 | D        | Gained mutation: You are robust. (+10% HP) [Jiyva's grace]
   901 | D        | Reached XP level 11. HP: 57/130 MP: 10/10
   902 | D        | Gained mutation: Your rubbery body absorbs attacks. (AC +1,
                  | EV +1) [Jiyva's grace]
   903 | D        | Lost mutation: You have a small jelly attached to you that
                  | senses nearby items. [Jiyva's grace]
   903 | D        | Gained mutation: Your magical capacity is low. (-10% MP)
                  | [Jiyva's grace]
   903 | D        | Lost mutation: Your flesh is heat resistant. (rF+) [Jiyva's
                  | grace]
   905 | D        | Lost mutation: Your rubbery body absorbs attacks. (AC +1,
                  | EV +1) [Jiyva's grace]
   905 | D        | Gained mutation: You possess an exceptional clarity of
                  | mind. [Jiyva's grace]
   907 | D        | Gained mutation: You have a pair of small horns on your
                  | head. [Jiyva's grace]
   908 | D        | Lost mutation: You have a small jelly attached to you that
                  | may absorb incoming projectiles. [Jiyva's grace]
   912 | D        | Gained mutation: Your mind is acute. (Int +2) [Jiyva's
                  | grace]
   912 | D        | Lost mutation: Armour fits poorly on your strangely shaped
                  | body. [Jiyva's grace]
   962 | D        | Gained mutation: Your system is resistant to poisons.
                  | (rPois) [Jiyva's grace]
   963 | D        | Noticed a dire elephant
   984 | D        | Killed a dire elephant
   998 | D        | Lost mutation: You possess an exceptional clarity of mind.
                  | [Jiyva's grace]
   998 | D        | Gained mutation: You are agile. (Dex +2) [Jiyva's grace]
  1001 | D        | Gained mutation: You have supernaturally acute eyesight.
                  | (SInv) [Jiyva's grace]
  1005 | D        | Noticed Gastronok
  1028 | D        | Noticed a dire elephant
  1061 | D        | Killed Gastronok
  1061 | D        | Reached skill level 17 in Unarmed Combat
  1141 | D        | Killed a dire elephant
  1149 | D        | Noticed Rupert
  1159 | D        | Killed Rupert
  1159 | D        | Reached skill level 18 in Unarmed Combat
  1253 | D        | Noticed a death yak
  1254 | D        | Noticed a death yak
  1254 | D        | Noticed a death yak
  1258 | D        | Noticed a death yak
  1266 | D        | Killed a death yak
  1272 | D        | Killed a death yak
  1276 | D        | Killed a death yak
  1276 | D        | Reached XP level 12. HP: 100/145 MP: 9/9
  1280 | D        | Killed a death yak
  1293 | D        | Gained mutation: Your spells are harder to cast, but more
                  | powerful. [Jiyva's grace]
  1293 | D        | Lost mutation: Your system is resistant to poisons. (rPois)
                  | [Jiyva's grace]
  1293 | D        | Lost mutation: Your spells are harder to cast, but more
                  | powerful. [Jiyva's grace]
  1293 | D        | Gained mutation: You have a pair of horns on your head.
                  | [Jiyva's grace]
  1295 | D        | Noticed an azure jelly
  1295 | D        | Noticed an azure jelly
  1296 | D        | Noticed an azure jelly
  1296 | D        | Noticed an azure jelly
  1315 | D        | Lost mutation: You have supernaturally acute eyesight.
                  | (SInv) [Jiyva's grace]
  1319 | D        | Noticed an azure jelly
  1319 | D        | Noticed an acid blob
  1321 | D        | Noticed an azure jelly
  1321 | D        | Noticed an azure jelly
  1322 | D        | Found a viscous altar of Jiyva.
  1322 | D        | Noticed the Royal Jelly
  1330 | D        | Gained mutation: You are partially covered in slimy green
                  | scales. (AC +2) [Jiyva's grace]
  1388 | D        | HP: 6/144 [poisoned by a death drake (dark miasma)]
  1389 | D        | Engulfed by a death drake's foul pestilence

Vault maps used:
D:        dungeon_sprint_mu

Skill      XL: |  1  2  3  4  5  6  7  8  9 10 11 12 |
---------------+-------------------------------------+-----
Armour         | 1 2 3 5 6 7 8 10 11 12 | 12.0
Unarmed Combat | 4 5 7 10 11 13 14 16 18 | 18.9
Fighting       | 3 4 6 7 8 9 10 12 | 12.2
Dodging        | 3 4 6 7 8 9 10 12 | 12.2
Stealth        | |  1.0

Action                   |  1- 3 |  4- 6 |  7- 9 | 10-12 || total
-------------------------+-------+-------+-------+-------++-------
Melee: Unarmed           |    16 |    18 |   104 |   132 ||   270
       Punch             |       |     2 |     5 |    19 ||    26
       Kick              |       |       |    14 |       ||    14
       Pseudopods        |       |       |       |    25 ||    25
       Headbutt          |       |       |       |    25 ||    25
Invok: Request Jelly     |       |       |       |     2 ||     2
  Use: Scroll            |       |     2 |       |       ||     2
       Potion            |       |       |     1 |     2 ||     3
 Stab: Sleeping          |     1 |       |       |     4 ||     5
  Eat: Chunk             |       |       |    10 |       ||    10
Armor: Robe              |     3 |     1 |    16 |     8 ||    28
Dodge: Dodged            |     7 |     5 |    82 |    60 ||   154

Table legend:
 A = Non-vault XP
 B = Vault XP
 C = Vault XP percentage of total XP
 D = Non-vault monster count
 E = Vault monster count
 F = Vault count percentage of total count
                 A         B        C        D         E       F
            +---------+---------+-------+---------+---------+-------
      Total |       0 |   25140 | 100.0 |       0 |      74 | 100.0
            +---------+---------+-------+---------+---------+-------
          D |       0 |   25140 | 100.0 |       0 |      74 | 100.0
            +---------+---------+-------+---------+---------+-------
